Map: Lightshade LE

Players

LoraX

  • Race: Terran Terran
  • League: Master
  • Spawn Location: 11:00

Pumba - Winner!

  • Race: Zerg Zerg
  • League: Master
  • Spawn Location: 5:00

VOD

Have the link to the VOD?

Description

Time

  • Played on: Sept. 7, 2021, 5:10 p.m.
  • Length: 9:44
Show
View Real Time Build Order
Export as new Build Order

LoraX Terran 

Build Orders: Reaper Expand 

Get SALT Encoding   

  12  0:00  SCV  
  13  0:13  SCV  
  14  0:17  Supply Depot  
  14  0:25  SCV  
  15  0:39  SCV, Barracks  
  16  0:44  Refinery  
  16  0:51  SCV  
  17  1:03  SCV  
  18  1:15  SCV  
  19  1:27  Orbital Command  
  19  1:29  Reaper  
  20  1:41  Command Center  
  20  1:46  Supply Depot  
  20  1:53  SCV  
  21  2:01  Marine  
  21  2:09  SCV  
  21  2:11  Factory  
  22  2:19  Marine  
  23  2:34  SCV  
  24  2:37  Barracks Reactor  
  23  2:45  Refinery  
  23  2:46  SCV  
  24  2:54  Bunker  
  24  2:58  SCV  
  24  3:05  Starport  
  25  3:09  Orbital Command  
  25  3:16  Marine x2  
  25  3:17  Factory Tech Lab  
  24  3:27  SCV  
  25  3:37  Marine x2  
  25  3:38  Bunker  
  18  3:55  Marine x2  
  9  4:20  SCV  
  9  4:29  SCV  
  8  4:37  SCV  
  9  4:41  SCV  
  9  4:43  Hellion x2, Marine  
  9  4:44  Stimpack  
  9  4:45  Viking  
  17  4:49  SCV  
  18  4:53  SCV  
  19  5:01  SCV  
  19  5:04  Hellion x2  
  19  5:06  SCV  
  25  5:13  SCV  
  26  5:14  Marine  
  26  5:18  SCV  
  28  5:26  Widow Mine x2  
  32  5:32  Marine  
  32  5:35  SCV x2  
  35  5:48  SCV x2  
  35  5:50  Widow Mine x2  
  35  5:51  Marine  
  40  5:59  Supply Depot  
  40  6:00  SCV  
  40  6:03  SCV  
  42  6:08  Supply Depot  
  42  6:11  Bunker  
  42  6:12  SCV  
  42  6:16  SCV  
  42  6:17  Marine  
  45  6:24  SCV  
  45  6:30  Widow Mine x2  
  45  6:32  Combat Shield  
  48  6:33  SCV  
  48  6:38  Marine  
  48  6:43  SCV  
  48  6:45  SCV  
  50  6:55  SCV  
  50  6:56  Marine  
  50  6:57  Command Center  
  50  6:59  SCV  
  53  7:08  SCV  
  54  7:09  Barracks  
  54  7:11  SCV  
  55  7:20  SCV  
  55  7:22  Marine  
  54  7:23  SCV  
  54  7:26  Factory Reactor  
  54  7:32  SCV  
  54  7:36  SCV  
  49  7:44  SCV  
  49  7:48  SCV  
  49  7:51  Marauder  
  51  7:56  SCV, Starport Reactor  
  51  7:57  Engineering Bay  
  52  7:59  Engineering Bay  
  52  8:00  SCV  
  52  8:04  Barracks  
  53  8:08  SCV  
  53  8:12  Supply Depot, SCV, Marine  
  56  8:20  SCV  
  56  8:24  SCV  
  56  8:25  Barracks  
  56  8:26  Factory Tech Lab  
  59  8:27  Barracks, Orbital Command  
  59  8:30  Refinery x2, Marine  
  59  8:32  SCV  
  60  8:36  SCV, Marine x2  
  63  8:44  SCV  
  64  8:48  Marine  
  64  8:52  Marine x2  
  64  8:53  Marine  
  64  8:54  SCV x2, Marine  
  71  8:56  SCV  
  71  9:00  Supply Depot  
  71  9:01  Medivac x2  
  76  9:03  Orbital Command  
  76  9:06  Marine  
  76  9:09  Marine  
  77  9:10  Marine  
  77  9:11  Marine x2  
  77  9:14  Barracks Reactor x2  
  81  9:24  Marine  
Show
View Real Time Build Order
Export as new Build Order

Pumba Zerg - Winner!

Build Orders: Pool First 

Get SALT Encoding   

  12  0:00  Drone  
  13  0:12  Overlord  
  13  0:16  Drone  
  14  0:31  Drone x2  
  16  0:40  Spawning Pool  
  15  0:43  Drone  
  15  0:49  Drone  
  17  1:08  Hatchery  
  17  1:11  Drone  
  17  1:15  Drone  
  18  1:19  Extractor  
  17  1:27  Roach Warren  
  17  1:30  Zergling x2  
  17  1:32  Zergling x2  
  18  1:42  Queen  
  20  1:51  Drone  
  21  1:57  Overlord  
  21  2:16  Roach x2  
  21  2:20  Roach  
  27  2:26  Roach  
  29  2:31  Roach  
  29  2:34  Queen  
  33  2:40  Overlord  
  33  2:54  Drone x3  
  33  2:57  Extractor  
  33  3:12  Lair  
  33  3:16  Drone  
  33  3:17  Drone x2  
  36  3:20  Drone  
  36  3:27  Drone  
  38  3:29  Drone  
  39  3:39  Drone x3  
  42  3:47  Drone  
  39  4:07  Drone x5  
  39  4:08  Overlord  
  42  4:13  Spire  
  40  4:24  Drone x3  
  42  4:36  Extractor x2  
  42  4:37  Drone x3  
  42  4:38  Drone x3  
  43  4:45  Overlord  
  44  4:51  Drone  
  45  4:56  Hatchery  
  44  5:06  Drone x3  
  48  5:07  Drone  
  48  5:17  Overlord  
  48  5:21  Overseer  
  48  5:24  Mutalisk x4  
  48  5:25  Mutalisk  
  48  5:26  Mutalisk  
  60  5:33  Drone  
  58  5:38  Drone x3  
  58  5:42  Drone x3  
  63  5:45  Drone  
  62  5:54  Drone x2  
  64  6:03  Glial Reconstitution  
  64  6:05  Drone x2  
  64  6:06  Queen, Evolution Chamber  
  64  6:07  Evolution Chamber  
  66  6:17  Overlord x3  
  64  6:40  Zerg Missile Weapons Level 1  
  64  6:41  Zerg Ground Armor Level 1  
  64  6:43  Drone x2  
  64  6:44  Drone x10  
  76  6:52  Overlord  
  76  6:58  Overlord  
  76  6:59  Overlord  
  76  7:09  Roach x4  
  84  7:19  Roach x6  
  84  7:20  Roach x3  
  102  7:26  Roach x2  
  106  7:32  Roach x2  
  106  7:35  Queen  
  108  7:42  Roach x2  
  112  7:53  Overlord x6  
  112  7:55  Overlord x2  
  112  8:19  Roach  
  128  8:20  Roach x7  
  128  8:25  Roach x7  
  142  8:35  Roach x3  
  148  8:43  Ravager x7  
  148  8:44  Ravager  
  148  8:45  Ravager  
  148  8:46  Roach  
  148  8:47  Roach x3  
  165  8:56  Roach x4  
  165  8:57  Roach x2  
  165  9:01  Overlord x3  
  177  9:12  Hatchery  
  177  9:13  Roach  
Tags
 
Add a new tag
Caveats
  • Supply blocks, unpowered buildings, or Contaminate may cause inaccurate times.
  • Supply counts are checked every 10 seconds.